 Dungeon Crawl Stone Soup version 0.29-a0-419-g77450f2105 (webtiles) character file.

Game seed: 14166919156837204898

634 Ijustatesigmund the Firebug (level 7, -7/51 HPs)
             Began as a Gnoll Fire Elementalist on May 18, 2022.
             Killed by divine providence
             ... invoked by an orc priest
              (13 damage)
             ... on level 4 of the Dungeon.
             The game lasted 00:10:01 (5311 turns).

Ijustatesigmund the Firebug (GnFE)                  Turns: 5311, Time: 00:10:01

Health: -7/51      AC: 11    Str:  7    XL:     7   Next: 49%
Magic:  12/15      EV: 13    Int: 16    God:
Gold:   136        SH:  0    Dex: 13    Spells: 10/17 levels left

rFire   . . .      SeeInvis .   d - +3 dagger (protect)
rCold   . . .      Faith    .   h - +2 buckler
rNeg    . . .      Spirit   .   a - +1 robe
rPois   .          Reflect  .   (no helmet)
rElec   .          Harm     .   (no cloak)
rCorr   .          Rampage  .   j - +0 pair of gloves
Will    .....                   (no boots)
Stlth   +.........              (no amulet)
HPRegen 0.17/turn               (no ring)
MPRegen 0.14/turn               (no ring)

@: confused, under a protective aura, hasted, very quick
A: fangs 1, strong nose, distributed training
a: no special abilities


You were on level 4 of the Dungeon.
You visited 1 branch of the dungeon, and saw 4 of its levels.

You collected 136 gold pieces.

Inventory:

Hand Weapons
 d - a +3 dagger of protection (weapon)
Armour
 a - a +1 robe (worn)
 h - a +2 buckler (worn)
 j - a +0 pair of gloves (worn)
Jewellery
 c - a ring of ice
Scrolls
 e - a scroll of teleportation
 m - a scroll of fog
Potions
 b - a potion of magic
 g - 2 potions of brilliance
 l - 2 potions of flight


   Skills:
 + Level 2.5 Fighting
 + Level 2.5 Short Blades
 + Level 2.5 Long Blades
 + Level 2.5 Axes
 + Level 2.5 Maces & Flails
 + Level 2.5 Polearms
 + Level 2.5 Staves
 + Level 2.5 Slings
 + Level 2.5 Bows
 + Level 2.5 Crossbows
 + Level 2.5 Throwing
 + Level 2.5 Armour
 + Level 5.2 Dodging
 + Level 4.9 Stealth
 + Level 2.5 Shields
 + Level 2.5 Unarmed Combat
 + Level 5.6 Spellcasting
 + Level 3.0 Conjurations
 + Level 2.0 Hexes
 + Level 2.0 Summonings
 + Level 2.0 Necromancy
 + Level 2.0 Translocations
 + Level 2.0 Transmutations
 + Level 5.8 Fire Magic
 + Level 2.0 Ice Magic
 + Level 2.0 Air Magic
 + Level 2.0 Earth Magic
 + Level 2.0 Poison Magic
 + Level 2.8 Invocations
 + Level 2.5 Evocations


You had 10 spell levels left.
You knew the following spells:

 Your Spells              Type           Power      Damage    Failure   Level
a - Foxfire               Conj/Fire      72%        2x1d7     3%          1
b - Scorch                Fire           46%        2d7       2%          2
c - Flame Wave            Conj/Fire      18%        2d6       30%         4

Your spell library contained the following spells:

 Spells                   Type           Power      Damage    Failure   Level
 Conjure Flame            Conj/Fire      18%        6-21      9%          3
 Inner Flame              Hex/Fire       17%        N/A       11%         3
 Dazzling Flash           Conj/Hex       24%        N/A       21%         3
 Iskenderun's Mystic Bla  Conj/Tloc      12%        2d5       54%         4
 Summon Forest            Summ/Tloc      5%         N/A       92%         5
 Summon Mana Viper        Hex/Summ       11%        N/A       92%         5
 Starburst                Conj/Fire      9%         6d5       99%         6
 Summon Cactus Giant      Summ           5%         N/A       100%        6


Dungeon Overview and Level Annotations

Branches:
Dungeon (4/15)
 Temple: D:4-7

Altars:

Shops:
D:4 *

Annotations:
D:4 Natasha


Innate Abilities, Weirdness & Mutations

You have very sharp teeth.
Your uncanny sense of smell can sniff out nearby items.
Your experience applies equally to all skills.


Message History

The orc hits you but does no damage.
The endoplasm hits you but does no damage.
The orc wizard hits you but does no damage.
You hit the orc priest.
The orc priest is lightly wounded.
The giant cockroach barely misses you.
The orc priest looks satisfied for a moment.
The orc wizard hits you with a +0 dagger.
The endoplasm freezes you.
You are frozen.
The orc closely misses you.
You feel yourself speed up.
The giant cockroach completely misses you.
The orc priest hits you but does no damage.
The orc wizard barely misses you. The orc closely misses you.
The endoplasm barely misses you.
You completely miss the orc priest.
The orc priest is lightly wounded.
The giant cockroach bites you but does no damage.
You hit the orc wizard.
The orc wizard is heavily wounded.
The orc priest barely misses you. The orc wizard barely misses you.
The orc barely misses you. The endoplasm barely misses you.
The giant cockroach closely misses you.
You're too confused to move!
The orc priest calls down the wrath of Beogh upon you.
Beogh smites you!
* * * LOW HITPOINT WARNING * * *
The orc priest hits you but does no damage.
The orc wizard hits you with a +0 dagger.
* * * LOW HITPOINT WARNING * * *
The orc hits you but does no damage. The endoplasm closely misses you.
Okay, then.
You are too confused!
Unknown command.
You closely miss the orc. The giant cockroach closely misses you.
Unknown command.
The ogre shouts!
The orc priest invokes the aid of Beogh against you.
Beogh smites you!
You die...

....#.####.....##......##
............#.###.#...##
............O.###.#####
..............#...#
.........#####.>.####
.........#...#......#
.........#.∩.#...##.####
.........#...#.........##
.........#.>.#..@..###..#
.....###.#...#.o.o.#
##.##
.....###.#####.oJB.#
#..######
.....#..........o).#
##......#
.....#.##..........#
##......#
<..................#
#.......#
..................##
#########
...................
...................


You could see an ogre, 2 orc priests, an orc wizard, an orc, an endoplasm and a
giant cockroach.

Vanquished Creatures
  The ghost of JosephDoom the Shield-Bearer, an amateur DsWn of Ashenzari (D:3)
  An ice beast (D:3)
  An ogre (D:3)
  A scorpion (D:4)
  A howler monkey (D:4)
  An orc priest (D:4)
  Natasha (D:4)
  2 iguanas
  5 adders
  An ufetubus (D:3)
  2 worms
  2 dart slugs (D:1)
  5 orcs
  5 endoplasms
  4 giant cockroaches
  15 goblins
  6 hobgoblins
  5 quokkas
  5 ball pythons
  3 bats
  3 frilled lizards
  4 kobolds
  3 rats
77 creatures vanquished.

Vanquished Creatures (others)
  225 foxfires
  58 plants (D:4)
283 creatures vanquished.

Grand Total: 360 creatures vanquished

Notes
Turn   | Place    | Note
-------+----------+-------------------------------------------
     0 | D:1      | Ijustatesigmund the Gnoll Fire Elementalist began the quest
                  | for the Orb.
     0 | D:1      | Reached XP level 1. HP: 13/13 MP: 6/6
   224 | D:1      | Reached XP level 2. HP: 19/19 MP: 4/7
   227 | D:1      | Learned a level 2 spell: Scorch
   743 | D:1      | Found a faded altar of an unknown god.
  1015 | D:1      | Reached XP level 3. HP: 25/25 MP: 6/9
  1307 | D:2      | Reached skill level 5 in Spellcasting
  1745 | D:2      | Reached skill level 1 in Invocations
  1872 | D:2      | Reached skill level 1 in Fighting
  1872 | D:2      | Reached skill level 1 in Short Blades
  1872 | D:2      | Reached skill level 1 in Long Blades
  1872 | D:2      | Reached skill level 1 in Axes
  1872 | D:2      | Reached skill level 1 in Maces & Flails
  1872 | D:2      | Reached skill level 1 in Polearms
  1872 | D:2      | Reached skill level 1 in Staves
  1872 | D:2      | Reached skill level 1 in Slings
  1872 | D:2      | Reached skill level 1 in Bows
  1872 | D:2      | Reached skill level 1 in Crossbows
  1872 | D:2      | Reached skill level 1 in Throwing
  1872 | D:2      | Reached skill level 1 in Armour
  1872 | D:2      | Reached skill level 1 in Shields
  1872 | D:2      | Reached skill level 1 in Unarmed Combat
  1872 | D:2      | Reached skill level 1 in Evocations
  2030 | D:2      | Reached XP level 4. HP: 32/32 MP: 8/11
  2489 | D:3      | Reached skill level 1 in Hexes
  2489 | D:3      | Reached skill level 1 in Summonings
  2489 | D:3      | Reached skill level 1 in Necromancy
  2489 | D:3      | Reached skill level 1 in Translocations
  2489 | D:3      | Reached skill level 1 in Transmutations
  2489 | D:3      | Reached skill level 1 in Ice Magic
  2489 | D:3      | Reached skill level 1 in Air Magic
  2489 | D:3      | Reached skill level 1 in Earth Magic
  2489 | D:3      | Reached skill level 1 in Poison Magic
  3050 | D:3      | Found a runed translucent door.
  3055 | D:3      | Noticed JosephDoom's ghost (amateur DsWn)
  3091 | D:3      | Killed JosephDoom's ghost
  3092 | D:3      | Reached XP level 5. HP: 32/38 MP: 3/12
  3092 | D:3      | Reached XP level 6. HP: 37/44 MP: 3/13
  3180 | D:3      | Learned a level 4 spell: Flame Wave
  3281 | D:3      | Noticed an ice beast
  3287 | D:3      | Killed an ice beast
  3288 | D:3      | Reached skill level 5 in Dodging
  3598 | D:4      | Noticed Natasha
  3860 | D:4      | Noticed a rust devil
  4288 | D:4      | Found Caiff's Assorted Antiques.
  4509 | D:4      | Killed Natasha
  4684 | D:4      | Reached XP level 7. HP: 37/50 MP: 8/15
  4924 | D:4      | Noticed Natasha
  5311 | D:4      | Killed from afar by an orc priest

Illustrated notes

Levels and vault maps discovered:
D:1:      eino_arrival_cavern_d, layout_basic,
          hellmonk_ecumenical_altar_inner_sanctum,
          amcnicky_mini_rare_corridor_liquid, minivault_4, minmay_pentomino_z2
D:2:      kennysheep_the_goblin_king, layout_basic
D:3:      layout_basic, ebering_ghost_reflecting_pool, chequers_arboretum
D:4:      layout_rooms, temple_garden, serial_shops, nicolae_take_the_stairs,
          uniq_natasha

Skill      XL: |  1  2  3  4  5  6  7 |
---------------+----------------------+-----
Conjurations   | 2 3 |  3.0
Spellcasting   | 5 |  5.6
Invocations    | 1 2 |  2.8
Fighting       | 1 2 |  2.5
Short Blades   | 1 2 |  2.5
Long Blades    | 1 2 |  2.5
Axes           | 1 2 |  2.5
Maces & Flails | 1 2 |  2.5
Polearms       | 1 2 |  2.5
Staves         | 1 2 |  2.5
Slings         | 1 2 |  2.5
Bows           | 1 2 |  2.5
Crossbows      | 1 2 |  2.5
Throwing       | 1 2 |  2.5
Armour         | 1 2 |  2.5
Shields        | 1 2 |  2.5
Unarmed Combat | 1 2 |  2.5
Evocations     | 1 2 |  2.5
Hexes          | 1 2 |  2.0
Summonings     | 1 2 |  2.0
Necromancy     | 1 2 |  2.0
Translocations | 1 2 |  2.0
Transmutations | 1 2 |  2.0
Ice Magic      | 1 2 |  2.0
Air Magic      | 1 2 |  2.0
Earth Magic    | 1 2 |  2.0
Poison Magic   | 1 2 |  2.0
Dodging        | 5 |  5.2
Stealth        | |  4.9
Fire Magic     | |  5.8

Action                   |  1- 3 |  4- 6 |  7- 9 || total
-------------------------+-------+-------+-------++-------
Melee: Short sword       |    13 |       |       ||    13
       Bite              |     3 |     1 |     1 ||     5
       Dagger            |       |    20 |    15 ||    35
 Cast: Foxfire           |    60 |    55 |    15 ||   130
       Scorch            |     3 |    18 |     9 ||    30
       Flame Wave        |       |     1 |       ||     1
  Use: Scroll            |     5 |     5 |     2 ||    12
       Potion            |       |     1 |     3 ||     4
 Stab: Sleeping          |       |     1 |       ||     1
Armor: Robe              |     7 |    16 |    18 ||    41
Dodge: Dodged            |    25 |    34 |    24 ||    83
Block: Buckler           |       |    20 |    12 ||    32

Table legend: (Time is in decaauts)
 A = Elapsed time spent in this place.
 B = Non-inter-level travel time spent in this place.
 C = Inter-level travel time spent in this place.
 D = Time resting spent in this place.
 E = Time spent auto-exploring this place.
 F = Levels seen in this place.
 G = Mean time per level.
                   A        B        C        D        E       F      G
               +--------+--------+--------+--------+--------+-----+--------+
         Total |   5311 |   5254 |     57 |   1577 |   2737 |   4 | 1327.8 |
       Dungeon |   5311 |   5254 |     57 |   1577 |   2737 |   4 | 1327.8 |
               +--------+--------+--------+--------+--------+-----+--------+

Top non-repeatable levels by time:
     D:3: 2033 daAuts
     D:2: 1236 daAuts
     D:1: 1202 daAuts
     D:4: 840 daAuts
